cohdb
Replays
Latest Replays
All Replays
Popular Replays
Top Player Replays
Match Explorer
How It Works
Community
CoH3 Stats
Reddit
Sign in to upload your games and track your stats! →
Sign in with Steam
Match 45370071
Unlisted
Match 45370071
Overview
Messages
Build Orders
End
Selects Panzerjäger Kommand Battlegroup
Selects Blockade Equipment
Kradschützen Motorcycle Team
Panzergrenadier Squad
Construct Light Support Kompanie
Fire Support Elements
Panzergrenadier Squad
Selects Blockade Equipment
Flakvierling Half-track
Construct Panzerarmee Kommand
2.5-tonne Medical Truck
Selects Defensive Positions
Selects Butterfly Bomb Drop
Butterfly Bomb Drop
Panzer III L Medium Tank
Butterfly Bomb Drop
Panzer III L Medium Tank
Panzerjäger Squad
Panzerjäger Squad
Panzerjäger Squad
Selects Tank Busters
Butterfly Bomb Drop
Panzer III L Medium Tank
Selects Crew Shock Tactics
Flak 36 Anti-tank Gun Team
Panzer III L Medium Tank
Panzerjäger Squad
Panzerjäger Squad
Panzergrenadier Squad
Larry
Victor
hogarthw
gipsy danger
carotin3
Sayamander 🐉
DaemonJester
dalidalia
0
0
Comments
sign in to comment!
No comments posted yet!